 Dungeon Crawl Stone Soup version 0.31.0-11-ge490571c62 (webtiles) character file.

Game seed: 10945391786877686269

345 hawla the Charlatan (level 6, -1/35 HPs)
             Began as a Deep Elf Conjurer on Feb 5, 2024.
             Slain by a lemure (8 damage)
             ... led by Pikel
             ... on level 4 of the Dungeon.
             The game lasted 00:09:47 (4127 turns).

hawla the Charlatan (Deep Elf Conjurer)             Turns: 4127, Time: 00:09:48

Health: -1/35      AC:  1    Str:  2 (4)  XL:     6   Next: 32%
Magic:  0/12       EV: 11    Int: 23 (25) God:
Gold:   124        SH:  5    Dex: 21 (22) Spells: 4/11 levels left

rFire   . . .        f - staff of air
rCold   . . .        g - +0 buckler
rNeg    . . .        a - +0 robe
rPois   .            (no helmet)
rElec   +            (no cloak)
rCorr   .            (no gloves)
SInv    .            (no boots)
Will    .....        (no amulet)
Stlth   +++          d - +6 ring of dexterity
HPRegen 0.25/turn    j - ring "Wyigaihes" {Wiz Dex+3}
MPRegen 0.13/turn

%: random rage (3%), wizardry (x1)
@: no status effects
A: fangs 1, berserk 1, deformed body
a: no special abilities


You were on level 4 of the Dungeon.
You visited 1 branch of the dungeon, and saw 5 of its levels.

You collected 124 gold pieces.

Inventory:

Armour
 a - a +0 robe (worn)
 g - a +0 buckler (worn)
Magical Staves
 f - a staff of air (weapon)
Jewellery
 d - a +6 ring of dexterity (left hand)
 h - a ring of fire
 j - the ring "Wyigaihes" (right hand) {Wiz Dex+3}
   (You found it on level 3 of the Dungeon)

   [ring of wizardry]

   Wiz:       It improves your spell success rate.
   Dex+3:     It affects your dexterity (+3).
Wands
 m - a wand of digging (9)
Scrolls
 e - a scroll of blinking
 i - a scroll of amnesia
 n - a scroll of poison
Potions
 b - 3 potions of magic


   Skills:
 - Level 2.0 Fighting
 - Level 2.4 Dodging
 - Level 4.0 Stealth
 - Level 3.0 Spellcasting
 - Level 4.3 Conjurations
 - Level 1.0 Air Magic
 + Level 5.5 Evocations


You had 4 spell levels left.
You knew the following spells:

 Your Spells              Type           Power      Damage    Failure   Level
a - Magic Dart            Conj           92%        1d7       1%          1
b - Searing Ray           Conj           46%        2d6       2%          2
c - Iskenderun's Mystic   Conj/Tloc      13%        2d5       41%         4

Your spell library contained the following spells:

 Spells                   Type           Power      Damage    Failure   Level
 Shock                    Conj/Air       92%        1d8       4%          1
 Freeze                   Ice            12%        1d3       12%         1
 Mercury Vapours          Alch/Air       16%        N/A       14%         2
 Hailstorm                Conj/Ice       13%        3d6       14%         3
 Scorch                   Fire           6%         2d5       16%         2
 Mephitic Cloud           Conj/Alch/Air  17%        N/A       16%         3
 Swiftness                Air            12%        N/A       22%         3
 Frozen Ramparts          Ice            6%         1d1       32%         3
 Flame Wave               Conj/Fire      13%        2d6       41%         4
 Fulminant Prism          Conj/Alch      6%         3d7       41%         4
 Airstrike                Air            6%         2d(1-17)  56%         4
 Freezing Cloud           Conj/Ice/Air   8%         6-21      80%         5
 Summon Cactus Giant      Summ           1%         N/A       100%        6


Dungeon Overview and Level Annotations

Branches:
Dungeon (5/15)             Temple (0/1) D:4

Altars:

Shops:
D:5 (

Annotations:
D:5 Dowan, Duvessa


Innate Abilities, Weirdness & Mutations

You have very sharp teeth.
You sometimes lose your temper in combat.
Armour fits poorly on your strangely shaped body.


Message History

Confirm with . or Enter, or press ? or * to list all spells.
Aiming: Magic Dart (safe; 1% risk of failure)
Press: ? - help, Shift-Dir - straight line, f - lemure
Aim: a lemure (100% to hit)
The magic dart hits the lemure.
The lemure is lightly wounded.
Casting: Magic Dart (safe; 1% risk of failure)
Confirm with . or Enter, or press ? or * to list all spells.
Aiming: Magic Dart (safe; 1% risk of failure)
Press: ? - help, Shift-Dir - straight line, f/p - lemure
Aim: a lemure (lightly wounded, 100% to hit)
The magic dart hits the lemure.
The lemure is moderately wounded.
Things that are here:
a +0 whip; a +0 leather armour You closely miss the lemure.
The lemure is moderately wounded.
The lemure hits you. x2
You hit the lemure. Your bite misses the lemure.
The lemure is moderately wounded.
The lemure hits you.
You closely miss the lemure. You bite the lemure, but do no damage.
The lemure is moderately wounded.
The lemure hits you.
You hit the lemure.
The lemure is heavily wounded.
The lemure barely misses you. The lemure hits you!
Casting: Magic Dart (safe; 1% risk of failure)
Confirm with . or Enter, or press ? or * to list all spells.
Aiming: Searing Ray (safe; 2% risk of failure)
Press: ? - help, Shift-Dir - straight line, f/p - lemure
Aim: a lemure (heavily wounded, 72% to hit)
The searing ray misses the lemure. (Press . to maintain the ray.)
The lemure hits you!
* * * LOW HITPOINT WARNING * * *
The searing ray hits the lemure.
The lemure is severely wounded.
The lemure hits you!
You die...

#.# #..#
#.#..#######.#.##.# #.#
#..#####.#..# #....#.# #.#
#...........# ##.#.#..# #.#
##.######.#.#######..#.##.#
#.####.#.###
#.#.##.............
#.....###..#
#(#.##.####..#.##.#
######.#.#.###.#.##.##
##.#.#.##
##........5.....####....#..
####....)@............##.#
#####>.#########.####.#
#.................#
###################


You could see a lemure.

Vanquished Creatures
  A scorpion (D:3)
  2 bombardier beetles
  A hound (D:4)
  A jelly (D:4)
  An orc priest (D:3)
  3 adders
  3 dart slugs
  2 ribbon worms
  11 orcs
  7 endoplasms
  8 giant cockroaches
  5 goblins
  7 hobgoblins
  4 quokkas
  5 ball pythons
  5 bats
  7 frilled lizards
  8 kobolds
  5 rats
86 creatures vanquished.

Notes
Turn   | Place    | Note
-------+----------+-------------------------------------------
     0 | D:1      | hawla the Deep Elf Conjurer began the quest for the Orb.
     0 | D:1      | Reached XP level 1. HP: 10/10 MP: 6/6
   110 | D:1      | Reached skill level 1 in Fighting
   233 | D:1      | Reached XP level 2. HP: 16/16 MP: 6/8
   300 | D:2      | Learned a level 2 spell: Searing Ray
   810 | D:1      | Found a faded altar of an unknown god.
   832 | D:1      | Reached XP level 3. HP: 21/21 MP: 6/9
  1675 | D:2      | Reached skill level 1 in Air Magic
  1803 | D:2      | Reached XP level 4. HP: 26/26 MP: 5/10
  1811 | D:2      | Learned a level 4 spell: Iskenderun's Mystic Blast
  2351 | D:3      | Noticed a scorpion
  2354 | D:3      | Killed a scorpion
  2355 | D:3      | Reached skill level 2 in Evocations
  2411 | D:3      | Reached skill level 3 in Evocations
  2411 | D:3      | Reached XP level 5. HP: 30/30 MP: 6/11
  2630 | D:3      | Identified the ring "Wyigaihes" {Wiz Dex+3}
  2885 | D:3      | Reached skill level 4 in Evocations
  3051 | D:4      | Found a staircase to the Ecumenical Temple.
  3323 | D:5      | Entered Level 5 of the Dungeon
  3328 | D:5      | Noticed Dowan
  3392 | D:4      | Reached XP level 6. HP: 14/35 MP: 9/12
  3693 | D:4      | Reached skill level 5 in Evocations
  3967 | D:5      | Noticed Duvessa
  3970 | D:5      | Found Erghemn's Antique Weapon Shoppe.
  3985 | D:4      | Gained mutation: You sometimes lose your temper in combat.
                  | [potion of mutation]
  3985 | D:4      | Gained mutation: Armour fits poorly on your strangely
                  | shaped body. [potion of mutation]
  3985 | D:4      | Gained mutation: You have very sharp teeth. [potion of
                  | mutation]
  4127 | D:4      | Slain by a lemure

Illustrated notes

Levels and vault maps discovered:
D:1:      shiori_shiawase, layout_rooms, shapermc_ecumenical_altar_petra
D:2:      layout_loops_corners, minmay_unequal
D:3:      layout_basic, grunt_ministairs_14
D:4:      layout_loops_ring, minmay_temple_entry_from_below_a
D:5:      layout_cave_pools, serial_shops, shop, grunt_tough_drop, uniq_sigmund,
          uniq_blork_the_orc, uniq_crazy_yiuf_cottage, uniq_pikel, uniq_duvessa

Skill      XL: |  1  2  3  4  5  6 |
---------------+-------------------+-----
Fighting       | 1 2 |  2.0
Stealth        | 4 |  4.0
Air Magic      | 1 |  1.0
Evocations     | 3 4 5 |  5.5
Dodging        | |  2.4
Spellcasting   | |  3.0
Conjurations   | |  4.3

Action                     |  1- 3 |  4- 6 || total
---------------------------+-------+-------++-------
  Melee: Unarmed           |     1 |       ||     1
         Staff             |     3 |    41 ||    44
         Bite              |       |     1 ||     1
   Cast: Magic Dart        |    62 |    38 ||   100
         Searing Ray       |    14 |    15 ||    29
         Iskenderun's Myst |       |     4 ||     4
    Use: Scroll            |     3 |     4 ||     7
         Potion            |       |     3 ||     3
   Stab: Sleeping          |       |     3 ||     3
 Armour: Robe              |     6 |    29 ||    35
  Dodge: Dodged            |     6 |    36 ||    42
  Block: Buckler           |       |     7 ||     7
